AoeStats
← AgentMars

Nomad

509668315Analyzed
3v3 RM · 4d ago on Sep 27, 2026· 56m 28s· 6 players
Game mode
Random Map
Map size
210×210
Population
200
Speed
Normal
Resources
Standard
Victory
Conquest
Starting age
Dark Age
Ending age
Imperial Age
RankedLock teamsTeams togetherTeam positionsShared explorationLock speedFull tech treeHidden civsTurbo modeCheats
Victory
Defeat
🇹🇼 Danes · Taiwan
1144
+14
🇹🇼 Franks · Taiwan
1144
+14
🇹🇼 Vietnamese · Taiwan
1142
+14
🇵🇪 Malians · Peru
1159
-17
🇬🇧 Italians · United Kingdom
1109
-14
🇨🇦 Celts · Canada
1019
-11
loveerika1986
12:47 Feudal Age
17:58 Castle Age
18:08 Scale Mail Armor
18:20 Forging
18:29 Double-Bit Axe
21:30 Horse Collar
22:02 Bow Saw
24:17 Loom
25:26 Heavy Plow
26:12 Fletching
27:15 Bodkin Arrow
33:50 Gold Mining
34:47 Wheelbarrow
36:07 Iron Casting
36:39 Chain Mail Armor
43:18 Imperial Age
43:27 Stone Mining
44:01 Padded Archer Armor
44:06 Onager
45:58 Siege Onager
47:29 Hand Cart
50:51 Stone Shaft Mining
52:46 Elite Varangian Guard
53:29 Squires
53:14 Arson
AgentMars
8:46 Loom
14:30 Feudal Age
18:58 Castle Age
18:24 Double-Bit Axe
22:12 Fletching
25:45 Bloodlines
25:51 Bow Saw
26:08 Scale Barding Armor
31:19 Gold Mining
39:19 Imperial Age
38:17 Elite Skirmisher
39:03 Padded Archer Armor
44:55 Husbandry
45:20 Imperial Skirmisher
46:39 Ballistics
47:20 Chemistry
52:08 Wheelbarrow
51:19 Town Watch
51:50 Elite Battle Elephant
54:38 Stone Mining
57:08 Chatras
Liu
8:33 Loom
15:18 Feudal Age
16:16 Double-Bit Axe
20:25 Castle Age
20:30 Gold Mining
23:59 Fletching
32:12 Scale Mail Armor
32:34 Arson
40:18 Fishing Lines
42:01 Wheelbarrow
41:13 Town Watch
47:04 Imperial Age
44:49 Hand Cart
44:38 Husbandry
46:28 Scale Barding Armor
46:40 Chain Mail Armor
46:35 Forging
47:52 Chain Barding Armor
47:49 Cavalier
51:17 Plate Barding Armor
50:12 Paladin
54:14 Iron Casting
54:10 Plate Mail Armor
56:21 Blast Furnace
duval0408
4:46 Loom
14:51 Feudal Age
16:31 Double-Bit Axe
20:57 Castle Age
19:42 Scale Mail Armor
19:35 Fletching
19:50 Padded Archer Armor
21:15 Pikeman
22:21 Bow Saw
21:34 Elite Skirmisher
25:55 Forging
26:02 Chain Mail Armor
42:43 Fishing Lines
45:56 Horse Collar
53:24 Heavy Plow
AdamSvp21
5:31 Loom
15:07 Feudal Age
19:00 Castle Age
18:54 Forging
20:07 Squires
21:56 Iron Casting
21:17 Fishing Lines
22:16 Wheelbarrow
21:33 Arson
23:49 Fletching
24:57 Scale Mail Armor
26:03 Chain Mail Armor
25:47 Gold Mining
27:53 Bodkin Arrow
35:22 Murder Holes
35:38 Masonry
40:12 Imperial Age
42:13 Plate Mail Armor
42:29 Town Watch
44:41 Town Patrol
48:09 Conscription
47:56 Scale Barding Armor
48:10 Cavalier
Mugetsu
4:08 Loom
13:28 Feudal Age
14:11 Town Watch
17:28 Double-Bit Axe
20:16 Castle Age
18:29 Fletching
18:32 Gold Mining
18:37 Stone Mining
20:01 Wheelbarrow
25:37 Horse Collar
30:25 Bodkin Arrow
33:37 Gold Mining
38:58 Imperial Age
36:36 Heavy Plow
36:49 Bow Saw
37:19 Padded Archer Armor
37:22 Scale Mail Armor
37:33 Forging
40:23 Arson
40:38 Squires
41:24 Conscription
47:26 Chain Mail Armor
50:04 Plate Mail Armor
50:10 Iron Casting
Connection lost

Rejoining the realm…

Still unreachable

The connection could not be restored.

Session expired

The server has moved on; the page needs a fresh start.